[Event "Late-Titled-Tuesday-Blitz-February-06-2024"]
[Site "Chess.com"]
[Date "2024.02.06"]
[Round "1"]
[White "karinachess1"]
[Black "youngdinousaur"]
[Result "1-0"]
[WhiteElo "2649"]
[BlackElo "2332"]
[TimeControl "180+1"]
[EndTime "14:06:07 PST"]
[Termination "karinachess1 won by checkmate"]

1. d4 Nf6 2. c4 e6 3. Nc3 Bb4 4. a3 Bxc3+ 5. bxc3 d5 6. e3 c5 7. Bd3 Nc6 8. Ne2 O-O 9. O-O b6 10.
f3 Bb7 11. cxd5 exd5 12. g4 h6 13. Ng3 Re8 14. Ra2 Qc7 15. Rg2 Rad8 16. h4 Nd7 17.
g5 hxg5 18. hxg5 Nf8 19. Nh5 Rd6 20. Qe1 Ng6 21. Qg3 Rd7 22. Qh3 Bc8 23. Rh2 Rd6 24. Qg3 Rd7 25. f4 cxd4 26. cxd4 Kf8 27. Nf6 gxf6 28. gxf6 Re5 29. Rh8+ Nxh8 30. Qg7+ Ke8 31. Qg8# 1-0

[Event "Late-Titled-Tuesday-Blitz-February-06-2024"]
[Site "Chess.com"]
[Date "2024.02.06"]
[Round "1"]
[White "NoHeThTo"]
[Black "Chessdude1987"]
[Result "1-0"]
[WhiteElo "2615"]
[BlackElo "2284"]
[TimeControl "180+1"]
[EndTime "14:06:11 PST"]
[Termination "NoHeThTo won on time"]

1. d4 e6 2. Nc3 d5 3. Bf4 f5 4.
g4 fxg4 5. e4 dxe4 6. Qxg4 Nf6 7.
Qh4 Bd6 8. O-O-O O-O 9. Be5 Qe8 10. Nge2 Nc6 11. Bxf6 Rxf6 12. Nxe4 Rh6 13. Nxd6 cxd6 14.
Qe4 Qf7 15. f4 e5 16. dxe5 dxe5 17. fxe5 Bf5 18. Qf4 Qxa2 19. Qxf5 Qa1+ 20. Kd2 Rd8+ 21. Qd3 Rxd3+ 22. cxd3 Qxb2+ 23. Ke1 Nxe5 24. Bg2 Rd6 25.
Be4 Qb4+ 26. Kf2 Ng4+ 27. Kg3 Nf6 28. Bf3 g5 29. h4 g4 30. Bg2 Nh5+ 31. Kh2 g3+ 32.
Kh3 Rg6 33. Be4 Rg7 34. Rhf1 g2 35. Rf5 Qa4 36. Bd5+ 1-0

[Event "Late-Titled-Tuesday-Blitz-February-06-2024"]
[Site "Chess.com"]
[Date "2024.02.06"]
[Round "1"]
[White "ChuckPhil"]
[Black "platy3"]
[Result "0-1"]
[WhiteElo "2503"]
[BlackElo "2948"]
[TimeControl "180+1"]
[EndTime "14:06:12 PST"]
[Termination "platy3 won by resignation"]

1. e4 c5 2. Nf3 e6 3. d4 cxd4 4. Nxd4 Nc6 5. Nc3 Qc7 6. Be2 a6 7. Nxc6 bxc6 8. Qd3 Nf6 9. Qg3 Qxg3 10. hxg3 d5 11.
g4 Be7 12. g5 Nd7 13. Be3 a5 14. O-O-O Bc5 15. Rh3 Rb8 16. Bxc5 Nxc5 17. exd5 cxd5 18. Rh4 Rb4 19. g4 Rf4 20. f3 Ba6 21. Kd2 d4 22. Nb1 d3 23. cxd3 Ke7 24. Ke3 Rb4 25. b3 a4 26. d4 Bxe2 27. Kxe2 Nd7 28. Rd3 Rc8 29. bxa4 Rxb1 30. Rxh7 g6 31. d5 Rc2+ 32. Ke3 Re1+ 33.
Kf4 e5+ 34. Kg3 Rg1+ 35. Kh3 Rh1+ 36. Kg3 Rxh7 0-1

[Event "Late-Titled-Tuesday-Blitz-February-06-2024"]
[Site "Chess.com"]
[Date "2024.02.06"]
[Round "1"]
[White "OneTrickPony_82"]
[Black "katharinareinecke"]
[Result "1-0"]
[WhiteElo "2542"]
[BlackElo "1966"]
[TimeControl "180+1"]
[EndTime "14:06:14 PST"]
[Termination "OneTrickPony_82 won by resignation"]

1. d4 d5 2. c4 c6 3. Nf3 Nf6 4. cxd5 cxd5 5. Nc3 e6 6. Bf4 a6 7. e3 Bd6 8. Bg3 O-O 9. Bd3 b5 10. a4 b4 11. Nb1 a5 12. Nbd2 Ba6 13. Qe2 Bxd3 14.
Qxd3 Nc6 15. Bh4 Be7 16. O-O Qd7 17. Rfc1 Rfc8 18. Bxf6 Bxf6 19. Nb3 Be7 20. Nc5 Bxc5 21. Rxc5 Ne7 22. Ne5 Qa7 23. Rac1 Rxc5 24. Rxc5 Rc8 25. Qb5 Rb8 26. Qxa5 Qxa5 27. Rxa5 f6 28. Nd3 Nf5 29.
Nc5 e5 30. dxe5 fxe5 31. g4 Ne7 32. Ra7 Kf7 33. Nd7 Rd8 34. Nxe5+ Ke6 35. Rxe7+ Kxe7 36. Nc6+ Kd7 37. Nxd8 Kxd8 38. Kf1 Kd7 39. b3 Kd6 40.
Ke2 Kc5 41. Kd3 d4 42. exd4+ Kd5 43. f4 1-0

[Event "Late-Titled-Tuesday-Blitz-February-06-2024"]
[Site "Chess.com"]
[Date "2024.02.06"]
[Round "1"]
[White "Payyappat"]
[Black "GHANDEEVAM2003"]
[Result "0-1"]
[WhiteElo "2519"]
[BlackElo "3038"]
[TimeControl "180+1"]
[EndTime "14:06:15 PST"]
[Termination "GHANDEEVAM2003 won by resignation"]

1. e4 d6 2. d4 g6 3. Nc3 Bg7 4. Nf3 Nc6 5. Be3 Bg4 6. Be2 e6 7. h3 Bxf3 8. Bxf3 Bh6 9. Bxh6 Nxh6 10. Qd2 Ng8 11. O-O-O Nge7 12. h4 h5 13. g4 hxg4 14. Bxg4 Qd7 15. d5 Ne5 16. Bh3 O-O-O 17. f3 Kb8 18. Qf2 f5 19. f4 Ng4 20. Bxg4 fxg4 21. dxe6 Qxe6 22. Nb5 Nc6 23. Nc3 Rh5 24. Rd5 Rdh8 25.
Qg3 Nb4 26. Rxh5 gxh5 27. Kb1 Rf8 28. Rf1 Qc4 29. Re1 a6 30. f5 Qd4 31. Qe3 Qe5 32. a3 Nc6 33. Ne2 Rxf5 34. Qg1 Rf3 35. Nc3 Qd4 36. Qxd4 Nxd4 37. e5 g3 38. e6 Nxe6 39.
Rxe6 g2 40. Ne2 Rf1+ 41. Ka2 Re1 42. Rg6 Rxe2 43. c4 Kc8 44. Kb3 Kd7 45. Kc3 Ke7 46.
Kd3 Rxb2 47. Kd4 Kf7 48. Rg5 Kf6 49. Ke4 b5 50. cxb5 axb5 51. Kd5 c5 52. Kxd6 c4 0-1

[Event "Late-Titled-Tuesday-Blitz-February-06-2024"]
[Site "Chess.com"]
[Date "2024.02.06"]
[Round "1"]
[White "bitter-cikolata"]
[Black "K_A_S_T_O_R"]
[Result "0-1"]
[WhiteElo "2481"]
[BlackElo "2897"]
[TimeControl "180+1"]
[EndTime "14:06:17 PST"]
[Termination "K_A_S_T_O_R won by resignation"]

1. e4 c5 2. Nf3 d6 3. d4 cxd4 4.
Nxd4 Nf6 5. Nc3 a6 6. Bg5 e6 7. f4 Nbd7 8. Qf3 Qc7 9. O-O-O b5 10. g4 b4 11. Nb1 Bb7 12. Nd2 Be7 13. Bxf6 Bxf6 14. N4b3 d5 15. g5 Be7 16. f5 exf5 17.
exd5 g6 18. h4 O-O-O 19. Nc4 Nb6 20. Nxb6+ Qxb6 21. Bg2 Bc5 22. Rhe1 Rhe8 23. Qd3 Be3+ 24. Kb1 f4 25. Be4 Kb8 26. Nd2 Qd4 27. Qxd4 Bxd4 28. Nc4 Bf2 29. Re2 Bxh4 30. Rh1 Bxd5 31. Rxh4 Bxc4 32. Bd3 Rxe2 0-1

[Event "Late-Titled-Tuesday-Blitz-February-06-2024"]
[Site "Chess.com"]
[Date "2024.02.06"]
[Round "1"]
[White "grzechu96"]
[Black "Jamal-Jamal-Jamal"]
[Result "1-0"]
[WhiteElo "2725"]
[BlackElo "2384"]
[TimeControl "180+1"]
[EndTime "14:06:17 PST"]
[Termination "grzechu96 won by resignation"]

1. e4 c5 2. Nf3 Nc6 3. Bb5 Qc7 4. O-O a6 5. Bxc6 dxc6 6. d3 e5 7. h3 Ne7 8. a4 a5 9. Be3 Ng6 10. Na3 Be7 11. Qd2 O-O 12. Nc4 Be6 13. Qc3 Bxc4 14.
Qxc4 b6 15. Nd2 Rad8 16. Qb3 Kh8 17. Nc4 Rb8 18. Rae1 b5 19. Nd2 Qd7 20. Qa2 Qe6 21. Qxe6 fxe6 22. Ra1 Nf4 23. axb5 Rxb5 24. Nc4 Rfb8 25.
b3 Bd8 26. Rfe1 Ng6 27. Bd2 Ra8 28. Ra4 Bc7 29. Rea1 Nf4 30. Kf1 Kg8 31. h4 Kf7 32. g3 Nh5 33. Bxa5 Bxa5 34. Nxa5 g5 35. hxg5 Kg6 36. Nxc6 Rxa4 37. Nxe5+ Kxg5 38. Rxa4 1-0

[Event "Late-Titled-Tuesday-Blitz-February-06-2024"]
[Site "Chess.com"]
[Date "2024.02.06"]
[Round "1"]
[White "pfalcon1949"]
[Black "ValeriyGrinev"]
[Result "0-1"]
[WhiteElo "1958"]
[BlackElo "2542"]
[TimeControl "180+1"]
[EndTime "14:06:17 PST"]
[Termination "ValeriyGrinev won on time"]

1. e4 e5 2. Nf3 Nc6 3. Nc3 Nf6 4. Nxe5 Nxe5 5. d4 Ng6 6. e5 Bb4 7. exf6 Qxf6 8. Be2 O-O 9. O-O Bxc3 10. bxc3 d5 11. Ba3 Re8 12. Re1 Nf4 13. Bf3 Bf5 14. Qd2 Be4 15. Bxe4 dxe4 16. Re3 Qg5 17. g3 Nd5 18. Re2 Qxd2 19. Rxd2 Nxc3 20. Kf1 b5 21. Bb4 Nd5 22. c3 a5 23. Bc5 Nxc3 24. a3 Nd5 25. Rb1 c6 26. Ke2 f5 27. Kf1 Kf7 28. Kg2 g5 29. Rh1 f4 30. h4 f3+ 31. Kh2 g4 32. Re1 e3 33. fxe3 Rxe3 34. Rxe3 Nxe3 35. Kg1 Re8 36.
Kf2 Nd5 37. Rc2 h5 38. Rd2 Nc3 39. Rc2 Re2+ 40. Rxe2 Nxe2 41. Bb6 Ke6 42. Bxa5 Nxd4 43. Ke3 Nc2+ 44. Kf2 Nxa3 45. Bb4 Nc2 46. Bd2 b4 47. Bc1 c5 48. Bb2 c4 49. Kg1 c3 50. Bc1 b3 51. Kf2 b2 52. Bf4 b1=Q 53. Bc1 Nb4 54. Bf4 Qd3 0-1

[Event "Late-Titled-Tuesday-Blitz-February-06-2024"]
[Site "Chess.com"]
[Date "2024.02.06"]
[Round "1"]
[White "DreamsAreFake"]
[Black "picturesquecheck"]
[Result "1/2-1/2"]
[WhiteElo "2718"]
[BlackElo "2397"]
[TimeControl "180+1"]
[EndTime "14:06:18 PST"]
[Termination "Game drawn by repetition"]

1. Nf3 d6 2. g3 Nf6 3. c3 g6 4. Na3 Bg7 5. Nc2 O-O 6. Bg2 c5 7. O-O Nc6 8. d3 Bg4 9. h3 Bd7 10. e4 e5 11. Qe2 Qc8 12. Kh2 h6 13. Ne3 Be6 14. Nd2 Nh5 15. Ndc4 Qd7 16. a4 b6 17. f4 exf4 18. gxf4 Rae8 19. f5 Bxc4 20. Nxc4 d5 21.
Ne3 Qc7+ 22. Kg1 Ng3 23. Qf2 Nxf1 24. Qxf1 dxe4 25. f6 Bh8 26. Nd5 Qg3 27. Bxh6 Qxd3 28. Qxd3 exd3 29. Rd1 Ne5 30. Bxf8 Kxf8 31. Be4 Re6 32. Bxd3 Nxd3 33. Rxd3 Bxf6 34. Kf2 Kg7 35. Nc7 Rc6 36. Na6 Re6 37. Nb8 Re4 38. Nc6 Rxa4 39. Rd7 Ra2 40. Kf3 Rxb2 41. Rb7 Bxc3 42. Nd8 Bd4 43.
Rxf7+ Kh6 44. Rxa7 Rf2+ 45. Kg4 Rg2+ 46. Kf3 Rf2+ 47. Kg4 Rg2+ 48. Kf3 Rf2+ 1/2-1/2

[Event "Late-Titled-Tuesday-Blitz-February-06-2024"]
[Site "Chess.com"]
[Date "2024.02.06"]
[Round "1"]
[White "betta2004"]
[Black "lachesisQ"]
[Result "1-0"]
[WhiteElo "2538"]
[BlackElo "3072"]
[TimeControl "180+1"]
[EndTime "14:06:19 PST"]
[Termination "betta2004 won by resignation"]

1. e4 e6 2. d4 d5 3. Bd3 dxe4 4. Bxe4 Nf6 5. Bf3 Nbd7 6. Nc3 Bd6 7. Nge2 O-O 8. O-O c6 9. Bg5 Qc7 10. h3 h6 11. Bxf6 Nxf6 12. Ne4 Nxe4 13. Bxe4 e5 14.
dxe5 Bxe5 15. c3 Re8 16. Bc2 Be6 17. Nd4 Bc4 18. Re1 Rad8 19. Qg4 Bxd4 20. Rxe8+ Rxe8 21. Qxd4 Bd5 22. c4 Be6 23. Re1 Qd8 24. Qe4 g6 25.
Qf4 h5 26. Re5 Kg7 27. Qe3 Qf6 28. f4 Rd8 29. b3 h4 30. Kh2 b6 31. Rg5 Qd4 32.
Qxd4+ Rxd4 33. f5 Kf6 34. fxe6 Kxg5 35. e7 Rd2 36. e8=Q Rxc2 37. Qxf7 Rxa2 38. Qe7+ Kh5 39. Qe5+ Kh6 40. Qf4+ Kg7 41. Qxh4 c5 42. Qe7+ Kh6 43. h4 1-0

[Event "Late-Titled-Tuesday-Blitz-February-06-2024"]
[Site "Chess.com"]
[Date "2024.02.06"]
[Round "1"]
[White "FredddieCroderg"]
[Black "The_Machine04"]
[Result "0-1"]
[WhiteElo "2388"]
[BlackElo "2725"]
[TimeControl "180+1"]
[EndTime "14:06:19 PST"]
[Termination "The_Machine04 won by resignation"]

1. d4 d6 2. Nf3 Nf6 3. c4 g6 4. Nc3 Bf5 5. Ng5 Bg7 6. e4 Bg4 7. Be2 Bxe2 8. Qxe2 Nc6 9. Be3 e5 10. d5 Nd4 11. Qd2 h6 12. Nf3 Nxf3+ 13. gxf3 Nh5 14. O-O-O Qf6 15. Nb5 Qe7 16. c5 a6 17. cxd6 cxd6 18.
Nc3 Qf6 19. Qe2 Nf4 20. Bxf4 Qxf4+ 21. Kb1 O-O 22. Rhg1 Qxh2 23. Rg3 Qh4 24. Rdg1 b5 25. Qf1 Rac8 26. Rh3 Qf4 27. Qe2 Rc7 28. Rg4 Qf6 29. Rgh4 h5 30. Qe3 Rfc8 31. a3 Rc5 32. Na2 a5 33.
Nc3 Qe7 34. Rh1 Bf6 35. R4h2 Bg5 36. Qe2 b4 37. Na4 Rc1+ 38. Rxc1 Rxc1+ 39. Ka2 Bf4 40. Rg2 Qb7 41. Qd3 h4 42. Rg4 b3+ 0-1

[Event "Late-Titled-Tuesday-Blitz-February-06-2024"]
[Site "Chess.com"]
[Date "2024.02.06"]
[Round "1"]
[White "TimGrutter03"]
[Black "JaackCamel"]
[Result "1-0"]
[WhiteElo "2585"]
[BlackElo "2192"]
[TimeControl "180+1"]
[EndTime "14:06:19 PST"]
[Termination "TimGrutter03 won on time"]

1. c4 e6 2. Nf3 d5 3. g3 c6 4. Bg2 dxc4 5. a4 Nf6 6. O-O Nbd7 7. Qc2 Be7 8. Qxc4 O-O 9. b3 Nd5 10. Bb2 Bf6 11. d4 a5 12. e4 Nb4 13. e5 Be7 14.
Nc3 Nb6 15. Qe2 c5 16. dxc5 Bxc5 17. Ne4 Qe7 18. Rac1 Nd7 19. Rfd1 b6 20. Nfg5 Ba6 21.
Qh5 h6 22. Rxd7 Qxd7 23. Nf6+ gxf6 24. exf6 Qd3 25. Be4 Qd2 26. Qxh6 1-0

[Event "Late-Titled-Tuesday-Blitz-February-06-2024"]
[Site "Chess.com"]
[Date "2024.02.06"]
[Round "1"]
[White "RantomOpening"]
[Black "HansOnTwitch"]
[Result "0-1"]
[WhiteElo "2531"]
[BlackElo "3162"]
[TimeControl "180+1"]
[EndTime "14:06:21 PST"]
[Termination "HansOnTwitch won by resignation"]

1. c4 e5 2. Nc3 Nf6 3. Nf3 Nc6 4.
e3 Bb4 5. Qc2 Bxc3 6. Qxc3 Qe7 7.
b3 d5 8. d4 e4 9. Ne5 Bd7 10.
a4 Qb4 11. Qxb4 Nxb4 12. Nxd7 Kxd7 13. Kd2 a5 14. Ba3 c6 15. Bxb4 axb4 16. cxd5 Nxd5 17. Bc4 Nc3 18. a5 Ra7 19. f3 exf3 20. gxf3 f6 21.
Rhg1 g6 22. h4 Rha8 23. h5 g5 24. h6 Rxa5 25. Rxa5 Rxa5 26. Bd3 Ra2+ 27. Ke1 Rh2 28. Bxh7 Rxh6 29. Bf5+ Kd6 30. Kd2 Rh2+ 31. Kd3 Rb2 32. Kc4 Nd5 33. e4 b5+ 34. Kd3 Nf4+ 0-1

[Event "Late-Titled-Tuesday-Blitz-February-06-2024"]
[Site "Chess.com"]
[Date "2024.02.06"]
[Round "1"]
[White "balachess2006"]
[Black "Evhen_Taranenko"]
[Result "0-1"]
[WhiteElo "2696"]
[BlackElo "2394"]
[TimeControl "180+1"]
[EndTime "14:06:21 PST"]
[Termination "Evhen_Taranenko won by resignation"]

1. e4 c5 2. Nc3 Nc6 3. f4 e6 4. g3 h5 5. Nf3 d5 6. Bg2 h4 7. O-O hxg3 8. hxg3 d4 9. Ne2 d3 10. cxd3 Qxd3 11. Ne5 Nxe5 12. fxe5 c4 13. Rf3 Qxe4 14.
Nc3 Bc5+ 15. Kf1 Qd4 16. Ne2 Qxe5 17. d4 cxd3 18. Rxd3 Qf6+ 19. Bf4 g5 20. Qa4+ Kf8 21. Qc4 Bb6 22. Qb4+ Ne7 23. Rf3 gxf4 24. Rxf4 Qg5 25. Rd1 e5 26. Rd5 Bh3 27. Qd6 Bxg2+ 28. Kxg2 Rd8 29.
Qxe5 Qxe5 30. Rxe5 Ng6 0-1

[Event "Late-Titled-Tuesday-Blitz-February-06-2024"]
[Site "Chess.com"]
[Date "2024.02.06"]
[Round "1"]
[White "GMWSO"]
[Black "koncheto"]
[Result "1-0"]
[WhiteElo "3080"]
[BlackElo "2522"]
[TimeControl "180+1"]
[EndTime "14:06:23 PST"]
[Termination "GMWSO won on time"]

1. Nf3 Nf6 2. d4 e6 3. c4 c5 4. d5 exd5 5. cxd5 d6 6. Nc3 g6 7. Bf4 a6 8. a4 Qe7 9. e3 Bg4 10. Be2 Bxf3 11. Bxf3 Bg7 12. O-O O-O 13. Qb3 Qc7 14. a5 Nbd7 15. Na4 Rab8 16. Rfc1 Rfc8 17. Qa3 Ne8 18. Nc3 b5 19. axb6 Rxb6 20. Bg4 f5 21. Bh3 Rcb8 22. e4 fxe4 23. Be6+ Kh8 24. Nxe4 Bxb2 25.
Qh3 Bxa1 26. Ng5 Nf8 27. Nf7+ Kg8 28. Nxd6+ Nxe6 29. Qxe6+ Kg7 30. Nxe8+ 1-0

[Event "Late-Titled-Tuesday-Blitz-February-06-2024"]
[Site "Chess.com"]
[Date "2024.02.06"]
[Round "1"]
[White "YurasovMat-2012"]
[Black "Hui_Li_Macau"]
[Result "1-0"]
[WhiteElo "2680"]
[BlackElo "2365"]
[TimeControl "180+1"]
[EndTime "14:06:25 PST"]
[Termination "YurasovMat-2012 won by resignation"]

1. e4 e5 2. Nf3 Nf6 3. Nxe5 d6 4. Nf3 Nxe4 5. Nc3 Nxc3 6. dxc3 Be7 7. Be3 Nc6 8. Qd2 Be6 9. Bd3 Qd7 10. O-O Bf6 11.
Bg5 Bxg5 12. Nxg5 O-O-O 13. Nxe6 Qxe6 14. Rae1 Qf6 15. Qe3 Kb8 16. f4 a6 17. Qf3 Rhe8 18.
g3 h6 19. Qd5 Ka7 20. Bc4 Re7 21. Rxe7 Qxe7 22. Bd3 Qe3+ 23. Kg2 Rd7 24. Be4 Re7 25. Bf3 Nd8 26. a4 Qb6 27. b4 g6 28. Rd1 Qe3 29. Qc4 Nc6 30. a5 Nd8 31. h4 c6 32.
Rxd6 Ne6 33. Rd1 g5 34. hxg5 hxg5 35. f5 Ng7 36. f6 Nf5 37. fxe7 Qxe7 38. Qc5+ Qxc5 39.
bxc5 Ne3+ 40. Kf2 Nxd1+ 41. Bxd1 Kb8 42. Ke3 1-0

[Event "Late-Titled-Tuesday-Blitz-February-06-2024"]
[Site "Chess.com"]
[Date "2024.02.06"]
[Round "1"]
[White "Schattman"]
[Black "Incognito_Knight"]
[Result "1/2-1/2"]
[WhiteElo "2393"]
[BlackElo "2716"]
[TimeControl "180+1"]
[EndTime "14:06:28 PST"]
[Termination "Game drawn by agreement"]

1. b3 d5 2. Bb2 Bf5 3. Nf3 Nf6 4. g3 e6 5. Bg2 h6 6. O-O Be7 7. c4 O-O 8. d3 c6 9. Nbd2 a5 10. a3 Bh7 11. Re1 Nbd7 12. Ne5 Nxe5 13. Bxe5 Nd7 14.
Bb2 Bf6 15. Qc1 Re8 16. Bxf6 Qxf6 17. Ra2 Bg6 18. Qb2 Qxb2 19. Rxb2 b5 20. cxb5 cxb5 21. Rc1 Rec8 22. Rbc2 Nb6 23. Nf3 Rxc2 24. Rxc2 Rc8 25. Rxc8+ Nxc8 26. Nd4 Na7 27. f4 Kf8 28. Kf2 Ke7 29.
e4 Kd6 30. b4 axb4 31. axb4 dxe4 32. dxe4 e5 33. fxe5+ Kxe5 34. Ke3 f6 35. Bf1 1/2-1/2

[Event "Late-Titled-Tuesday-Blitz-February-06-2024"]
[Site "Chess.com"]
[Date "2024.02.06"]
[Round "1"]
[White "matagordo"]
[Black "Bilan_Danila"]
[Result "0-1"]
[WhiteElo "2228"]
[BlackElo "2606"]
[TimeControl "180+1"]
[EndTime "14:06:28 PST"]
[Termination "Bilan_Danila won by resignation"]

1. d4 d5 2. Bf4 Nf6 3. e3 c5 4.
Nf3 Nc6 5. Nbd2 Bg4 6. c3 e6 7. Be2 Bd6 8. Ne5 Bxe2 9. Qxe2 Bxe5 10. dxe5 Nd7 11. Qg4 Ncxe5 12. Qxg7 Nd3+ 13. Kf1 Qf6 14. Qxf6 Nxf6 15. Bg3 O-O-O 16. Rb1 Ne4 17. Ke2 Nxd2 18. Kxd2 c4 19. h4 h5 20. b4 Rhg8 21. a4 Rg6 22. a5 Rdg8 23. Rh3 Kd7 24. b5 Nc5 25.
Ke2 Ne4 26. Kf3 Nd2+ 0-1

[Event "Late-Titled-Tuesday-Blitz-February-06-2024"]
[Site "Chess.com"]
[Date "2024.02.06"]
[Round "1"]
[White "temiksmozg"]
[Black "Charodej1"]
[Result "1-0"]
[WhiteElo "2617"]
[BlackElo "2288"]
[TimeControl "180+1"]
[EndTime "14:06:29 PST"]
[Termination "temiksmozg won by resignation"]

1. e4 c6 2. Ne2 d5 3. e5 c5 4. d4 Nc6 5. dxc5 e6 6. Nd4 Bxc5 7. Nxc6 bxc6 8. Bd3 Ne7 9. O-O O-O 10. Kh1 a5 11.
Nd2 Ba6 12. Nb3 Bb6 13. Bg5 Qd7 14. Bxe7 Qxe7 15. f4 Bxd3 16. cxd3 a4 17. Nd2 Rfb8 18. b3 Bd4 19. Rb1 axb3 20. Nxb3 Bb6 21. Qc2 c5 22. f5 exf5 23. Rxf5 Qe6 24. Rbf1 c4 25.
dxc4 dxc4 26. Nd2 c3 27. Qxc3 Rxa2 28. Ne4 Qg6 29. Ng3 Ra7 30. Qc4 Qe6 31. Qf4 Re8 32.
Ne4 Bc7 33. Rxf7 1-0

[Event "Late-Titled-Tuesday-Blitz-February-06-2024"]
[Site "Chess.com"]
[Date "2024.02.06"]
[Round "1"]
[White "OverallStranger"]
[Black "AsterPhoenix"]
[Result "0-1"]
[WhiteElo "2271"]
[BlackElo "2612"]
[TimeControl "180+1"]
[EndTime "14:06:29 PST"]
[Termination "AsterPhoenix won by resignation"]

1. d4 d5 2. Bf4 c5 3. e3 cxd4 4. exd4 Nc6 5. c3 Bf5 6. Nf3 e6 7. Nbd2 Bd6 8. Bxd6 Qxd6 9. Be2 Nf6 10. O-O O-O 11. a4 Rab8 12. h3 h6 13. Re1 Rfc8 14. Nf1 Ne4 15. Ne3 Bh7 16. Nd2 a6 17. Nxe4 Bxe4 18.
Bd3 Bxd3 19. Qxd3 b5 20. axb5 axb5 21. Ra6 Nb4 22. Rxd6 Nxd3 23. Re2 b4 24. Rc2 b3 25. Rd2 Rxc3 26. Nd1 Nxb2 27. Nxc3 Nc4 28. Rxe6 fxe6 29. Rd1 b2 30. Kf1 Rb3 31. Kg1 Rxc3 0-1

[Event "Late-Titled-Tuesday-Blitz-February-06-2024"]
[Site "Chess.com"]
[Date "2024.02.06"]
[Round "1"]
[White "Grindaveci"]
[Black "Karacsonyi_Gellert"]
[Result "1-0"]
[WhiteElo "2440"]
[BlackElo "2787"]
[TimeControl "180+1"]
[EndTime "14:06:30 PST"]
[Termination "Grindaveci won by resignation"]

1. e4 c5 2. c3 Nf6 3. e5 Nd5 4.
d4 cxd4 5. cxd4 e6 6. Nc3 Nxc3 7.
bxc3 d6 8. f4 Qc7 9. Bd2 Nc6 10. Nf3 Bd7 11. Bd3 Be7 12. O-O h6 13. Qe2 a6 14. Rae1 d5 15. c4 dxc4 16. Bxc4 O-O-O 17.
d5 exd5 18. Bxd5 Be6 19. Bxe6+ fxe6 20. Be3 Rd5 21. Rb1 Bc5 22. Rfc1 Bxe3+ 23. Qxe3 Rhd8 24.
h3 Kb8 25. Rb6 Ka8 26. Qb3 Rd3 27. Qb2 g5 28. Rcxc6 Qf7 29. Rxa6+ Kb8 30. Rc4 gxf4 31. Qb6 1-0

[Event "Late-Titled-Tuesday-Blitz-February-06-2024"]
[Site "Chess.com"]
[Date "2024.02.06"]
[Round "1"]
[White "Iuckyducky"]
[Black "Zavgorodniy_Sergiy"]
[Result "0-1"]
[WhiteElo "2278"]
[BlackElo "2615"]
[TimeControl "180+1"]
[EndTime "14:06:30 PST"]
[Termination "Zavgorodniy_Sergiy won by resignation"]

1. Nf3 d5 2. g3 Nf6 3. Bg2 e6 4. O-O Be7 5. c4 O-O 6. d4 c6 7. Nc3 Nbd7 8. b3 b6 9. Bb2 Bb7 10. cxd5 cxd5 11. Rc1 Rc8 12. Qd2 a6 13. a4 Rc7 14.
Rc2 Bb4 15. Rfc1 Ne4 16. Qd3 Qb8 17. Ne5 Nxe5 18. dxe5 Nc5 19. Qd4 a5 20. Qg4 Nxb3 21. Rd1 d4 22. Ne4 Rxc2 23. Nf6+ Kh8 24. Qh4 h6 25.
Ng4 Kh7 26. Nxh6 gxh6 27. Be4+ Bxe4 28. Qxe4+ Kg7 29. Qxc2 Nc5 30. Bxd4 Rd8 31. e3 Qb7 32. Qe2 Qe4 33. Qh5 Nb3 34. h4 Nxd4 35. exd4 Rxd4 36.
Rc1 Bc5 37. Kh2 Rd2 38. Rf1 Bxf2 39. Rxf2 Rxf2+ 0-1

[Event "Late-Titled-Tuesday-Blitz-February-06-2024"]
[Site "Chess.com"]
[Date "2024.02.06"]
[Round "1"]
[White "GMBenjaminBok"]
[Black "Levanzovsky"]
[Result "1-0"]
[WhiteElo "2986"]
[BlackElo "2513"]
[TimeControl "180+1"]
[EndTime "14:06:31 PST"]
[Termination "GMBenjaminBok won by resignation"]

1. d4 Nf6 2. c4 e6 3. Nc3 Bb4 4. Qc2 O-O 5. a3 Bxc3+ 6. Qxc3 d5 7. Bg5 dxc4 8. Qxc4 b6 9. Rd1 Ba6 10. Qa4 Qd7 11.
Qc2 Rd8 12. Bxf6 gxf6 13. Nf3 c5 14. dxc5 Qxd1+ 15. Qxd1 Rxd1+ 16. Kxd1 bxc5 17. e3 Bxf1 18. Rxf1 Nd7 19. Kc2 Kf8 20. g4 Ke7 21. h3 h5 22. Rg1 hxg4 23. Rxg4 Rh8 24. h4 f5 25. Ra4 Ra8 26. h5 Kf6 27. Ra6 Nb6 28. Kc3 Rg8 29.
Rxa7 Rg2 30. h6 Nd5+ 31. Kc4 Rxf2 32. h7 Kg7 33. Rxf7+ Kh8 34. Ng5 1-0

[Event "Late-Titled-Tuesday-Blitz-February-06-2024"]
[Site "Chess.com"]
[Date "2024.02.06"]
[Round "1"]
[White "ACollins05"]
[Black "krzyzan94"]
[Result "0-1"]
[WhiteElo "2420"]
[BlackElo "2802"]
[TimeControl "180+1"]
[EndTime "14:06:31 PST"]
[Termination "krzyzan94 won on time"]

1. d4 Nf6 2. c4 d6 3. Nf3 g6 4.
Nc3 Bf5 5. Qb3 Qc8 6. Bg5 Bg7 7.
e3 O-O 8. Be2 c5 9. O-O cxd4 10.
Nxd4 Nc6 11. Nxf5 Qxf5 12. Bf4 Rab8 13. Rfd1 Rfc8 14. Rac1 a6 15. Nd5 Nxd5 16. Rxd5 Nd4 17. exd4 Qxf4 18. Qe3 Qxe3 19. fxe3 b6 20. Kf2 h6 21. c5 bxc5 22. dxc5 Bxb2 23. Rc2 Ba3 24. c6 Bc5 25. Bxa6 Rxc6 26. Bd3 Rcb6 27. a4 Rb3 28.
Re2 Ra3 29. Bb5 f5 30. Rd3 Ra1 0-1

[Event "Late-Titled-Tuesday-Blitz-February-06-2024"]
[Site "Chess.com"]
[Date "2024.02.06"]
[Round "1"]
[White "Zallio"]
[Black "prime-morty"]
[Result "0-1"]
[WhiteElo "2119"]
[BlackElo "2571"]
[TimeControl "180+1"]
[EndTime "14:06:34 PST"]
[Termination "prime-morty won by resignation"]

1. d4 d6 2. e4 Nf6 3. Nc3 e5 4. Nf3 Nbd7 5. Bd3 Be7 6. dxe5 dxe5 7. Bg5 c6 8. Qd2 h6 9. Bh4 Qa5 10. O-O-O Bb4 11. Kb1 Bxc3 12. Qxc3 Qxc3 13. bxc3 Nh5 14. Bg3 Nxg3 15. hxg3 Ke7 16. g4 Rd8 17. Bc4 b5 18. Bb3 a5 19. a4 bxa4 20. Bxa4 Ra6 21. Rd2 Nc5 22. Rxd8 Kxd8 23. Rd1+ Kc7 24. Bb3 f6 25. Nd2 Bxg4 26. f3 Bd7 27. Bc4 Rb6+ 28. Ka2 Na4 29. Nb1 Rxb1 30. Rxb1 Nxc3+ 31. Kb2 Nxb1 32. Kxb1 Kd6 33.
Kb2 Kc5 34. Kc3 h5 35. Bf7 h4 36. Bc4 a4 37. Bf7 Bc8 38. Bc4 g5 39. Bf7 f5 40. exf5 Bxf5 41. Bc4 e4 42. fxe4 Bxe4 43. Bf1 Bd5 44. Kb2 Kd4 45. Ka3 Kc3 46. Kxa4 Bc4 47. Bd3 Bxd3 48. cxd3 Kxd3 49. Kb4 g4 50. Kc5 h3 0-1

[Event "Late-Titled-Tuesday-Blitz-February-06-2024"]
[Site "Chess.com"]
[Date "2024.02.06"]
[Round "1"]
[White "smotherhubbard"]
[Black "kingofthenil"]
[Result "0-1"]
[WhiteElo "2375"]
[BlackElo "2694"]
[TimeControl "180+1"]
[EndTime "14:06:35 PST"]
[Termination "kingofthenil won by resignation"]

1. d4 d6 2. e4 Nf6 3. Nc3 Nc6 4. Nf3 e5 5. Bb5 exd4 6. Nxd4 Bd7 7. Nxc6 bxc6 8.
Bd3 Be7 9. O-O O-O 10. f4 d5 11.
e5 Ng4 12. h3 Bc5+ 13. Kh1 Nf2+ 14. Rxf2 Bxf2 15. Qh5 g6 16. Qh6 Qh4 17. Qxh4 Bxh4 18. Be3 f6 19. Na4 fxe5 20. fxe5 Bf2 21. Bxf2 Rxf2 22. Nc5 Bf5 23. Kg1 Rd2 24. Rc1 Bxd3 25. Nxd3 Re8 26. b4 a5 27. a3 axb4 28. axb4 Ra8 29.
Nf4 Ra2 30. Ne6 Raxc2 31. Rxc2 Rxc2 32. Nxc7 Re2 33. e6 Kf8 34. Kf1 Re4 35. Na6 Ke7 36. Kf2 Rxe6 37. Nc5 Re5 38. g4 Kd6 39. Kf3 g5 40. Nd3 Re4 41. Kf2 Rd4 42. Ke3 Rxd3+ 43. Kxd3 Ke5 44. Ke3 d4+ 45. Kd3 Kd5 0-1

[Event "Late-Titled-Tuesday-Blitz-February-06-2024"]
[Site "Chess.com"]
[Date "2024.02.06"]
[Round "1"]
[White "GMKrikor"]
[Black "Eloist"]
[Result "1-0"]
[WhiteElo "2817"]
[BlackElo "2429"]
[TimeControl "180+1"]
[EndTime "14:06:40 PST"]
[Termination "GMKrikor won on time"]

1. Nf3 Nf6 2. c4 e6 3. Nc3 b6 4. e4 Bb7 5. Bd3 d6 6. Bc2 c5 7. d4 cxd4 8. Nxd4 Nbd7 9. f4 g6 10. O-O a6 11. f5 e5 12. Nb3 b5 13. Bg5 Qb6+ 14. Kh1 bxc4 15. Nd2 Qxb2 16. Rb1 Qxc3 17. Rxb7 Be7 18. Ba4 Rd8 19. Bxf6 Bxf6 20. fxg6 hxg6 21. Rxf6 O-O 22. Rxd7 Rxd7 23. Bxd7 Qd4 24. Rf1 c3 25. Nf3 Qxe4 26. Ba4 d5 27. Bc2 Qe3 28. Re1 Qf4 29. Nxe5 1-0